 Dungeon Crawl Stone Soup version 0.18-a0-1496-g27d3123 (webtiles) character file.

1709 Deemzul the Martial Artist (level 9, -5/61 HPs)
             Began as an Octopode Monk on Mar 4, 2016.
             Was a Believer of Dithmenos.
             Slain by an unseen horror (8 damage)
             ... on level 7 of the Dungeon.
             The game lasted 00:10:28 (5526 turns).

Deemzul the Martial Artist (Octopode Monk)          Turns: 5526, Time: 00:10:28

Health: -5/61      AC:  1    Str: 10    XL:     9   Next: 3%
Magic:  9/9        EV: 15    Int: 13    God:    Dithmenos [**....]
Gold:   257        SH:  0    Dex: 17    Spells: 0 memorised, 8 levels left

rFire  . . .     SeeInvis .       - Unarmed
rCold  . . .     Gourm    .     (no shield)
rNeg   . . .     Faith    .     (helmet restricted)
rPois  .         Spirit   .     (no amulet)
rElec  .         Dismiss  .     o - ring of protection from magic
rCorr  .         Reflect  .     u - ring of wizardry
SustAt .         Harm     .     (no ring)
MR     +....                    (no ring)
Stlth  +++++.....               (no ring)
                                (no ring)
                                (no ring)
                                (no ring)

@: wreathed by umbra, somewhat resistant to hostile enchantments, quite stealthy
A: almost no armour, amphibious, 8 rings, constrict 8, camouflage 1, gelatinous
body 1
a: Shadow Step, Renounce Religion


You were on level 7 of the Dungeon.
You worshipped Dithmenos.
Dithmenos was pleased with you.
You were not hungry.

You visited 1 branch of the dungeon, and saw 7 of its levels.

You collected 257 gold pieces.

Inventory:

Missiles
 n - 14 poisoned needles
Jewellery
 i - an uncursed ring of ice
 o - a ring of protection from magic (left tentacle)
 u - a ring of wizardry (right tentacle)
Wands
 t - a wand of slowing (20/48)
Scrolls
 b - a scroll of noise {unknown}
 d - 6 scrolls of remove curse {unknown}
 e - 2 scrolls of fear {unknown}
 g - a scroll of recharging
 h - 2 scrolls of enchant weapon {unknown}
 j - 3 scrolls of identify {unknown}
 r - 3 scrolls of teleportation
Potions
 f - 5 potions of curing
 s - 4 potions of heal wounds
Books
 p - a book of Enchantments

   Spells                             Type                      Level
   a - Cause Fear                     Hexes                        4
   b - Yara's Violent Unravelling     Hexes/Transmutation          5
   c - Silence                        Hexes/Air                    5
   d - Deflect Missiles               Charms/Air                   6
   e - Haste                          Charms                       6
   f - Discord                        Hexes                        8
Comestibles
 a - 3 bread rations
 c - 4 fruits
 k - a royal jelly


   Skills:
 + Level 5.4 Fighting
 + Level 5.1 Dodging
 - Level 2.6 Stealth
 * Level 10.2 Unarmed Combat


You had 8 spell levels left.
You didn't know any spells.

Dungeon Overview and Level Annotations

Branches:
Dungeon (7/15)
 Temple: D:4-7

Altars:
Dithmenos
Trog
Xom


Innate Abilities, Weirdness & Mutations

You cannot wear most types of armour.
You are amphibious.
You can wear up to eight rings at the same time.
You can use your tentacles to constrict eight enemies at once.
Your skin changes colour to match your surroundings (Stealth).
Your rubbery body absorbs attacks (AC +1).


Message History

There is a stone staircase leading down, spattered with blood here.
You start resting.
Something barely misses you. Something hits you. Something hits you!
You climb downwards.
The yak gores you.
There is a stone staircase leading up here.
Evoke which item? (* to show all) (? for menu, Esc to quit)
Zapping:
t - a wand of slowing {zapped: 25} (will waste charges)
Press: ? - help, Shift-Dir - straight line, f - yak
Aim: a yak (umbra, chance to defeat MR: 51%)
The yak seems to slow down.
Evoking this partially-identified wand wasted a few charges.
Something hits you. The yak gores you!
* * * LOW HITPOINT WARNING * * *
The yak bellows!
Something barely misses you. Something hits you!
* * * LOW HITPOINT WARNING * * *
Something hits you!
You die...

########
..[.Y..############
######...Y.Y......#
#### #####...Y....#
...# #........###
...#######..........##
.............#.......##
#############.....Y<..#
.......#### #...@.....#
######....###.........#
#########..##.........#
......................#
############..........#
##.........#
#.........# #.........#
#.........#


You could see 4 yaks.

Vanquished Creatures
  Prince Ribbit (D:6)
  A yak (D:6)
  A sky beast (D:6)
  A phantom (D:6)
  A centaur (D:5)
  2 ogres
  Blork the orc (D:4)
  2 scorpions (D:5)
  A howler monkey (D:5)
  A crimson imp (D:7)
  A quasit (D:6)
  4 orc priests
  A giant frog skeleton (D:5)
  A centaur skeleton (D:5)
  4 orc wizards
  5 worker ants
  A howler monkey zombie (D:6)
  3 gnolls (D:6)
  9 adders
  2 shadow imps (D:5)
  2 oozes
  An adder skeleton (D:4)
  A worm (D:5)
  A dart slug (D:1)
  7 giant geckos
  12 orcs
  2 ball pythons
  3 bats
  7 giant cockroaches
  10 goblins
  5 hobgoblins
  14 jackals
  7 quokkas
  A ball python skeleton (D:5)
  2 giant gecko zombies
  5 giant newts
  9 kobolds
  A quokka skeleton (D:4)
  10 rats
143 creatures vanquished.

Notes
Turn   | Place    | Note
--------------------------------------------------------------
     0 | D:1      | Deemzul the Octopode Monk began the quest for the Orb.
     0 | D:1      | Reached XP level 1. HP: 16/16 MP: 1/1
    71 | D:1      | Reached XP level 2. HP: 5/21 MP: 2/2
   501 | D:1      | Reached XP level 3. HP: 13/26 MP: 3/3
   563 | D:1      | Reached skill level 5 in Unarmed Combat
   866 | D:2      | Reached XP level 4. HP: 26/31 MP: 4/4
  1302 | D:2      | Reached skill level 6 in Unarmed Combat
  1484 | D:3      | Reached XP level 5. HP: 29/36 MP: 5/5
  1848 | D:3      | Found a bloodstained altar of Trog.
  1986 | D:4      | Noticed an ogre
  2155 | D:4      | Noticed Blork the orc
  2250 | D:4      | Killed Blork the orc
  2517 | D:4      | Found a shimmering altar of Xom.
  2568 | D:4      | Reached skill level 7 in Unarmed Combat
  2568 | D:4      | Reached XP level 6. HP: 32/42 MP: 6/6
  2617 | D:5      | Entered Level 5 of the Dungeon
  2641 | D:5      | Found a shadowy altar of Dithmenos.
  2670 | D:5      | Became a worshipper of Dithmenos the Shadowed
  2670 | D:5      | Reached * piety under Dithmenos
  2670 | D:5      | Reached ** piety under Dithmenos
  2940 | D:5      | Reached skill level 8 in Unarmed Combat
  3031 | D:5      | Reached XP level 7. HP: 9/46 MP: 7/7
  4167 | D:6      | Noticed Prince Ribbit
  4306 | D:6      | Killed Prince Ribbit
  4306 | D:6      | Reached skill level 9 in Unarmed Combat
  4306 | D:6      | Reached XP level 8. HP: 19/54 MP: 8/8
  4843 | D:7      | Noticed a yak
  4843 | D:7      | Noticed a yak
  4844 | D:7      | Noticed a yak
  4845 | D:7      | Noticed a yak
  4855 | D:7      | Noticed a yak
  5140 | D:6      | Reached skill level 5 in Fighting
  5346 | D:6      | Reached skill level 10 in Unarmed Combat
  5498 | D:6      | Killed a yak
  5498 | D:6      | Reached skill level 5 in Dodging
  5498 | D:6      | Reached XP level 9. HP: 38/61 MP: 9/9
  5525 | D:7      | HP: 3/61 [something (11)]
  5526 | D:7      | Slain by an unseen horror

Vault maps used:
D:1:      elethiomel_arrival_diamonds
D:2:      first_bread
D:3:      lemuel_round_altar, minivault_25
D:4:      xom_butterflies, kennysheep_generic_room_13, uniq_blork_the_orc
D:5:      lemuel_crystal_altar, hex_medium
D:6:      minmay_misc_feat_chi, uniq_prince_ribbit1
D:7:      lemuel_round_altar, minmay_temple_entry_from_below_b, grunt_ogre_cave

Skill      XL: |  1  2  3  4  5  6  7  8 |
---------------+-------------------------+-----
Unarmed Combat | 5 6 7 8 9 10 | 10.2
Fighting       | 4 5 |  5.4
Dodging        | 4 5 |  5.1
Stealth        | |  2.6

Action                   |  1- 3 |  4- 6 |  7- 9 || total
-------------------------+-------+-------+-------++-------
Melee: Unarmed           |    77 |   121 |   169 ||   367
Evoke: Wand              |       |       |    10 ||    10
  Use: Potion            |     1 |     3 |     3 ||     7
       Scroll            |       |     1 |     3 ||     4
 Stab: Sleeping          |    11 |    18 |    10 ||    39
  Eat: Chunk             |       |     6 |     9 ||    15
